 Dungeon Crawl Stone Soup version 0.28-a0-312-gbced6e68ee (webtiles) character file.

Game seed: 13439278625331030238

3009 dolemite99 the Frost Mage (level 9, -4/61 HPs)
             Began as a Demonspawn Ice Elementalist on Aug 31, 2021.
             Was an Elder of Hepliaklqana.
             Slain by a two-headed ogre (12 damage)
             ... on level 8 of the Dungeon.
             The game lasted 00:10:21 (9735 turns).

dolemite99 the Frost Mage (DsIE)                    Turns: 9735, Time: 00:10:22

Health: -4/61      AC:  6    Str:  8    XL:     9   Next: 54%
Magic:  4/12       EV: 12    Int: 21    God:    Hepliaklqana [****..]
Gold:   351        SH:  5    Dex: 13    Spells: 4/12 levels left

rFire   + . .      SeeInvis .   a - +9 dagger of Precise Incision {freeze, rF++}
rCold   + . .      Faith    .   (no shield)
rNeg    . . .      Spirit   .   g - +0 acid dragon scales
rPois   .          Reflect  +   (helmet restricted)
rElec   .          Harm     .   (no cloak)
rCorr   +          Rampage  .   (no gloves)
Will    .....                   (no boots)
Stlth   ++........              G - amulet of reflection
HPRegen 0.20/turn               h - ring of ice
MPRegen 0.13/turn               (no ring)

@: freezing walls
A: reduced essence, horns 1, ignite blood 1, powered by death 3, sturdy frame 2
a: Renounce Religion, Recall Ancestor, Ancestor Identity, Transference, Idealise


You were on level 8 of the Dungeon.
You worshipped Hepliaklqana.
Hepliaklqana was greatly pleased with you.
You visited 1 branch of the dungeon, and saw 8 of its levels.

You collected 351 gold pieces.

Inventory:

Hand Weapons
 a - the +9 dagger of Precise Incision (weapon) {freeze, rF++}
   (You found it on level 5 of the Dungeon)

   It freezes those it strikes, dealing additional cold damage.
   It can also slow down cold-blooded creatures.
   rF:        It greatly protects you from fire.
 j - a +3 dagger
 q - a +0 hunting sling
 r - a +0 shortbow
 A - a +0 shortbow
 J - a +1 trident of venom
Missiles
 c - 39 sling bullets
 d - 235 stones
 f - 26 arrows
 i - 58 bolts
 z - 23 poisoned darts
 D - 14 boomerangs of dispersal
 L - a throwing net
Armour
 g - +0 acid dragon scales (worn)
 w - a +0 robe
Jewellery
 b - an amulet of regeneration
 h - a ring of ice (left hand)
 v - a ring of positive energy
 y - a ring of willpower
 E - an amulet of faith
 F - a ring of wizardry
 G - an amulet of reflection (around neck)
 M - a ring of protection from fire
Wands
 B - a wand of iceblast (8)
 N - a wand of acid (4)
Scrolls
 e - a scroll of brand weapon {unknown}
 k - a scroll of summoning {unknown}
 l - 3 scrolls of amnesia {unknown}
 m - a scroll of silence {unknown}
 o - a scroll of torment {unknown}
 s - a scroll of acquirement {unknown}
 u - 2 scrolls of magic mapping
 x - 2 scrolls of teleportation
 H - a scroll of fear {unknown}
Potions
 n - a potion of resistance
 p - a potion of curing
 t - a potion of flight
 I - a potion of magic {unknown}
 K - a potion of might {unknown}


   Skills:
 + Level 5.3 Fighting
 - Level 5.4 Short Blades
 - Level 1.7 Dodging
 - Level 1.7 Stealth
 - Level 2.0 Spellcasting
 + Level 10.3 Ice Magic


You had 4 spell levels left.
You knew the following spells:

 Your Spells              Type           Power      Damage    Failure   Level
a - Freeze                Ice            100%       1d11      1%          1
b - Frozen Ramparts       Ice            100%       1d12      1%          3
c - Ozocubu's Armour      Ice            62%        N/A       1%          3
d - Animate Skeleton      Necr           4%         N/A       14%         1

Your spell library contained the following spells:

 Spells                   Type           Power      Damage    Failure   Level
 Apportation              Tloc           4%         N/A       14%         1
 Corona                   Hex            2%         N/A       14%         1
 Summon Small Mammal      Summ           8%         N/A       14%         1
 Hailstorm                Conj/Ice       35%        3d9       19%         4
 Fulminant Prism          Conj/Hex       1%         3d6       82%         4
 Iskenderun's Mystic Bla  Conj/Tloc      2%         2d3       82%         4
 Lee's Rapid Deconstruct  Erth           1%         3d5*      99%         5


Dungeon Overview and Level Annotations

Branches:
Dungeon (8/15)             Temple (0/1) D:7
   Lair: D:8-11

Altars:
Cheibriados
Fedhas
Hepliaklqana
Nemelex Xobeh
Qazlal
Xom
Yredelemnul
Zin

Annotations:
D:1 exclusion: downstairs
D:2 Sigmund
D:6 3 runed translucent doors, ragingrage's ghost, amateur DrCA


Innate Abilities, Weirdness & Mutations

Your life essence is reduced to manifest your ancestor. (-10% HP)
You have a pair of small horns on your head.
Your demonic aura sometimes causes spilled blood to erupt in flames.
You regenerate a lot of health from kills.
Your movements are less encumbered by armour. (ER -4)


Message History

The two-headed ogre is lightly wounded.
The wall freezes the two-headed ogre!
The two-headed ogre hits you with a +0 giant club.
The two-headed ogre hits you with a +0 giant club!!
Casting: Freeze (safe; 1% risk of failure)
Confirm with . or Enter, or press ? or * to list all spells.
Aiming: Freeze (safe; 1% risk of failure)
Press: ? - help, Shift-Dir - straight line, f/p - two-headed ogre
Aim: a two-headed ogre, wielding two +0 giant clubs (moderately wounded, ally target)
You feel a surge of power!
You freeze the two-headed ogre.
The two-headed ogre is moderately wounded.
The wall freezes the two-headed ogre!
The two-headed ogre hits you with a +0 giant club!
The two-headed ogre hits you with a +0 giant club!!
* * * LOW HITPOINT WARNING * * *
Your frozen ramparts will break if you move.
Continue?
The frozen ramparts melt away as you move.
The two-headed ogre hits Necuametl with a +0 giant club!!
The two-headed ogre hits Necuametl with a +0 giant club.
Necuametl is destroyed!
You feel much better.
Casting: Freeze (safe; 1% risk of failure)
Confirm with . or Enter, or press ? or * to list all spells.
Casting: Frozen Ramparts (safe; 1% risk of failure)
Press: ? - help, Dir - look around, f - activate You feel a surge of power!
The walls around you are covered in ice.
The wall freezes the two-headed ogre.
Casting: Frozen Ramparts (safe; 1% risk of failure)
Confirm with . or Enter, or press ? or * to list all spells.
Aiming: Freeze (safe; 1% risk of failure)
Press: ? - help, Shift-Dir - straight line, f - two-headed ogre
Aim: a two-headed ogre, wielding two +0 giant clubs (heavily wounded)
You feel a surge of power!
You freeze the two-headed ogre.
The two-headed ogre is heavily wounded.
The wall freezes the two-headed ogre!
The two-headed ogre hits you with a +0 giant club!
* * * LOW HITPOINT WARNING * * *
The two-headed ogre hits you with a +0 giant club!
You die...

#.#### #.###### #.#....#
### #.#....###.....
#.#.........#
#.#...O####.#
#.#....##.#.#
#.##.####.#.#
########.##...O@.#.#
.........#######.#.#
...................#
..........######.########
####......#..............
#......#.####.########
#....<.# #.........
#......#.#####........
#......#..............


You could see a two-headed ogre.

Vanquished Creatures
  A troll (D:6)
  An orc warrior (D:8)
  2 water moccasins (D:8)
  2 sky beasts
  An ogre (D:5)
  A kobold brigand (D:6)
  2 bullfrogs
  A scorpion (D:5)
  A gnoll sergeant (D:8)
  A water moccasin skeleton (D:4)
  A wight (D:6)
  3 hounds
  An orc priest (D:8)
  A jelly (D:4)
  3 iguanas
  4 orc wizards
  A howler monkey zombie (D:4)
  3 gnolls (D:8)
  7 adders
  3 shadow imps
  2 ufetubi
  A worm (D:2)
  3 dart slugs
  13 orcs
  4 endoplasms
  6 giant cockroaches
  7 goblins
  8 hobgoblins
  2 jackals (D:4)
  5 quokkas
  10 ball pythons
  A bat (D:1)
  6 frilled lizards
  19 kobolds
  2 rats (D:1)
129 creatures vanquished.

Vanquished Creatures (collateral kills)
  An unseen horror (D:6)
  A steam dragon (D:8)
  2 sky beasts (D:6)
  2 ice beasts
  2 ogres (D:7)
  A centaur (D:5)
  A scorpion (D:6)
  A water moccasin zombie (D:5)
  A jelly (D:5)
  A bullfrog zombie (D:6)
  An iguana (D:5)
  A shadow imp (D:6)
  A white imp (D:8)
  2 ufetubi
  An adder skeleton (D:4)
  3 orcs
  A kobold (D:6)
  A quokka skeleton (D:4)
24 creatures vanquished.

Vanquished Creatures (others)
  3 knights
  An ancestor (D:4)
4 creatures vanquished.

Grand Total: 157 creatures vanquished

Notes
Turn   | Place    | Note
-------+----------+-------------------------------------------
     0 | D:1      | dolemite99 the Demonspawn Ice Elementalist began the quest
                  | for the Orb.
     0 | D:1      | Reached XP level 1. HP: 13/13 MP: 3/3
   613 | D:1      | Reached skill level 4 in Ice Magic
   616 | D:1      | Gained mutation: You have a pair of small horns on your
                  | head. [demonic ancestry]
   616 | D:1      | Reached XP level 2. HP: 19/19 MP: 1/5
  1577 | D:1      | Found a faded altar of an unknown god.
  2208 | D:1      | Gained mutation: Your demonic aura sometimes causes spilled
                  | blood to erupt in flames. [demonic ancestry]
  2208 | D:1      | Reached XP level 3. HP: 24/24 MP: 4/6
  2460 | D:2      | Reached skill level 5 in Ice Magic
  2729 | D:1      | Learned a level 3 spell: Frozen Ramparts
  3048 | D:2      | Gained mutation: You regenerate a little health from kills.
                  | [demonic ancestry]
  3048 | D:2      | Reached XP level 4. HP: 30/30 MP: 7/7
  3214 | D:2      | Noticed Sigmund
  3368 | D:3      | Found a hazy altar of Hepliaklqana.
  3624 | D:3      | Became a worshipper of Hepliaklqana the Forgotten
  3996 | D:3      | Reached * piety under Hepliaklqana
  4280 | D:4      | Reached skill level 6 in Ice Magic
  4280 | D:4      | Gained mutation: Your movements are slightly less
                  | encumbered by armour. (ER -2) [demonic ancestry]
  4280 | D:4      | Reached XP level 5. HP: 26/31 MP: 4/8
  5011 | D:4      | Reached ** piety under Hepliaklqana
  5022 | D:4      | Remembered your ancestor Necuametl as a knight
  5484 | D:5      | Entered Level 5 of the Dungeon
  5536 | D:5      | Gained mutation: You regenerate health from kills. [demonic
                  | ancestry]
  5536 | D:5      | Reached XP level 6. HP: 36/36 MP: 7/9
  5562 | D:5      | Learned a level 3 spell: Ozocubu's Armour
  5612 | D:5      | Identified the +9 dagger of Precise Incision {freeze, rF++}
  5628 | D:5      | Reached skill level 7 in Ice Magic
  5724 | D:5      | Reached skill level 1 in Short Blades
  5744 | D:5      | Gained mutation: Your movements are less encumbered by
                  | armour. (ER -4) [demonic ancestry]
  5744 | D:5      | Reached XP level 7. HP: 41/41 MP: 2/10
  6587 | D:6      | Found a basalt altar of Yredelemnul.
  6590 | D:6      | Found a blossoming altar of Fedhas.
  6598 | D:6      | Reached skill level 8 in Ice Magic
  6709 | D:6      | Found a runed translucent gate.
  6709 | D:6      | Found a runed translucent gate.
  6709 | D:6      | Found a runed translucent gate.
  6710 | D:6      | Noticed a kobold demonologist
  6711 | D:6      | Noticed ragingrage's ghost (amateur DrCA)
  6716 | D:6      | Reached *** piety under Hepliaklqana
  6766 | D:6      | Reached XP level 8. HP: 41/46 MP: 11/11
  6845 | D:6      | Identified the ring "Zuox" {rPois rCorr Str-3 Dex+5}
  7195 | D:6      | Found a snail-covered altar of Cheibriados.
  7200 | D:6      | Found a shimmering altar of Xom.
  7336 | D:6      | Noticed a troll
  7341 | D:6      | Killed a troll
  7342 | D:6      | Reached skill level 5 in Short Blades
  7347 | D:6      | Reached skill level 9 in Ice Magic
  7358 | D:6      | Killed an unseen horror
  7844 | D:7      | Gained mutation: You regenerate a lot of health from kills.
                  | [demonic ancestry]
  7844 | D:7      | Reached XP level 9. HP: 56/56 MP: 8/12
  7894 | D:7      | Found a staircase to the Ecumenical Temple.
  8427 | D:7      | Found a sparkling altar of Nemelex Xobeh.
  8593 | D:8      | Reached **** piety under Hepliaklqana
  8750 | D:8      | Reached skill level 10 in Ice Magic
  9180 | D:8      | Reached skill level 5 in Fighting
  9300 | D:8      | Learned a level 1 spell: Animate Skeleton
  9493 | D:8      | Found a stormy altar of Qazlal.
  9721 | D:8      | Noticed a two-headed ogre
  9735 | D:8      | Slain by a two-headed ogre

Illustrated notes

Levels and vault maps discovered:
D:1:      dpeg_arrival_morbid_curiosity, layout_basic, basic_ecumenical_altar,
          minmay_tripent
D:2:      layout_rooms, uniq_sigmund
D:3:      layout_basic, nicolae_hepliaklqana_hazy_memory, zin_treasury,
          hangedman_decor_points, palyth_stone_intersect
D:4:      layout_cave_pods
D:5:      layout_cave_pools
D:6:      minmay_clustersquares, layout_basic, minitemple,
          gammafunk_ghost_nasty_kobolds, minmay_unpleasant_kobolds
D:7:      layout_basic, nemelex_diamond_rough_becter,
          minmay_temple_entry_from_below_a
D:8:      layout_basic, nicolae_qazlal_general_emergency, grunt_ministairs_13

Skill      XL: |  1  2  3  4  5  6  7  8  9 |
---------------+----------------------------+-----
Ice Magic      | 4 5 6 7 8 9 10 | 10.3
Short Blades   | 2 4 5 |  5.4
Fighting       | 3 5 |  5.3
Dodging        | |  1.7
Stealth        | |  1.7
Spellcasting   | |  2.0

Action                   |  1- 3 |  4- 6 |  7- 9 || total
-------------------------+-------+-------+-------++-------
Melee: Unarmed           |     5 |       |       ||     5
       Dagger            |    11 |     6 |    28 ||    45
       Headbutt          |     1 |     1 |     3 ||     5
 Fire: Shortbow          |       |    79 |    46 ||   125
 Cast: Freeze            |    65 |    32 |    46 ||   143
       Frozen Ramparts   |       |     2 |    13 ||    15
Invok: Ancestor Life: Kn |       |     1 |       ||     1
  Use: Scroll            |       |       |     6 ||     6
       Potion            |       |       |     2 ||     2
Armor: Robe              |     7 |       |       ||     7
       Acid dragon scale |    26 |    22 |    26 ||    74
Dodge: Dodged            |    48 |    25 |    47 ||   120
Block: Other             |       |       |     8 ||     8

Table legend: (Time is in decaauts)
 A = Elapsed time spent in this place.
 B = Non-inter-level travel time spent in this place.
 C = Inter-level travel time spent in this place.
 D = Time resting spent in this place.
 E = Time spent auto-exploring this place.
 F = Levels seen in this place.
 G = Mean time per level.
                   A        B        C        D        E       F      G
               +--------+--------+--------+--------+--------+-----+--------+
         Total |   9765 |   9568 |    197 |   3531 |   4547 |   8 | 1220.6 |
       Dungeon |   9765 |   9568 |    197 |   3531 |   4547 |   8 | 1220.6 |
               +--------+--------+--------+--------+--------+-----+--------+

Top non-repeatable levels by time:
     D:1: 2762 daAuts
     D:4: 1231 daAuts
     D:6: 1211 daAuts
     D:8: 1158 daAuts
     D:5: 1071 daAuts
     D:7: 814 daAuts
     D:2: 770 daAuts
     D:3: 743 daAuts
